[ AOE2 MATCH · #506464998 ]
UnrankedPersians vs Spanish
Player's team · LOSS
Rival team · WIN
[ REPLAY ANALYSIS · EXTRACTED FROM THE RECORDED GAME ]
Feudal
8:51
Castle
20:43
Imperial
44:12
| APM avg | 52.2 |
| APM peak | 89 |
| eAPM avg | 33.0 |
| Villagers / military | 236 / 395 |
Focus
⚔️ 39.2% · 🌾 60.8%
Archer ×174 · Scout Cavalry ×132 · Knight ×72 · Monk ×9 · Trebuchet (Packed) ×7 · Spearman ×1
Feudal
11:05
Castle
17:35
Imperial
42:15
| APM avg | 40.7 |
| APM peak | 79 |
| eAPM avg | 22.6 |
| Villagers / military | 168 / 328 |
Focus
⚔️ 35.2% · 🌾 64.8%
Scout Cavalry ×238 · Conquistador ×71 · Mangonel ×8 · Monk ×5 · Militia ×3 · Trebuchet (Packed) ×3
Match map
Initial resources + every placement click. Lines = walls · curves = elevation contours. ◆ gold · ⬟ stone · ● berries · ✦ relic · ◌ wall gap
Your base· Open — unwalled flank
rastko's base· Open — unwalled flank
Smoothed initial terrain · ◌ = detected wall gap · hover for details
Inputs per minute
— Monesi28 - - rastko
Build order — Monesi28
First 150 of 1019 actions detected
| 0:00 | Queue | Villager (Male) |
| 0:01 | Queue | Villager (Male) |
| 0:01 | Queue | Villager (Male) |
| 0:01 | Queue | Villager (Male) |
| 0:01 | Queue | Villager (Male) |
| 0:01 | Queue | Villager (Male) |
| 0:03 | Build | House |
| 0:05 | Build | House |
| 1:24 | Queue | Villager (Male) |
| 1:24 | Queue | Villager (Male) |
| 1:25 | Queue | Villager (Male) |
| 1:49 | Queue | Villager (Male) |
| 1:49 | Queue | Villager (Male) |
| 2:05 | Build | Lumber Camp |
| 2:17 | Queue | Villager (Male) |
| 2:18 | Queue | Villager (Male) |
| 2:18 | Queue | Villager (Male) |
| 2:40 | Queue | Villager (Male) |
| 2:40 | Queue | Villager (Male) |
| 3:08 | Build | House |
| 3:13 | Queue | Villager (Male) |
| 3:13 | Queue | Villager (Male) |
| 3:14 | Queue | Villager (Male) |
| 3:38 | Build | Mill |
| 3:45 | Queue | Villager (Male) |
| 3:46 | Queue | Villager (Male) |
| 4:15 | Queue | Villager (Male) |
| 4:15 | Queue | Villager (Male) |
| 4:16 | Queue | Villager (Male) |
| 4:35 | Queue | Villager (Male) |
| 4:36 | Queue | Villager (Male) |
| 4:56 | Queue | Villager (Male) |
| 5:21 | Queue | Villager (Male) |
| 5:33 | Research | Loom |
| 6:13 | Build | Barracks |
| 6:48 | Research | Feudal Age |
| 6:56 | Build | House |
| 7:50 | Build | Palisade Wall |
| 7:52 | Build | Palisade Wall |
| 7:57 | Build | Palisade Wall |
| 7:58 | Build | Palisade Wall |
| 7:59 | Build | Palisade Wall |
| 8:01 | Build | Palisade Wall |
| 8:01 | Build | Palisade Wall |
| 8:02 | Build | Palisade Wall |
| 8:05 | Build | Palisade Wall |
| 8:06 | Build | Palisade Wall |
| 8:06 | Build | Palisade Wall |
| 8:09 | Queue | Villager (Male) |
| 8:51 | Age | Feudal Age |
| 8:55 | Build | Archery Range |
| 9:05 | Build | Farm |
| 9:07 | Build | Blacksmith |
| 9:22 | Queue | Villager (Male) |
| 9:22 | Queue | Villager (Male) |
| 9:25 | Build | House |
| 9:28 | Queue | Archer |
| 9:47 | Build | House |
| 10:05 | Build | Farm |
| 10:09 | Build | Palisade Wall |
| 10:17 | Build | Palisade Wall |
| 10:22 | Queue | Villager (Male) |
| 10:26 | Queue | Archer |
| 10:31 | Build | Palisade Wall |
| 10:38 | Build | Palisade Wall |
| 10:51 | Build | Mining Camp |
| 11:00 | Queue | Villager (Male) |
| 11:23 | Build | Farm |
| 11:24 | Queue | Villager (Male) |
| 11:39 | Queue | Villager (Male) |
| 11:41 | Build | Farm |
| 11:46 | Build | House |
| 11:47 | Build | House |
| 11:59 | Queue | Villager (Male) |
| 12:14 | Build | Watch Tower |
| 12:17 | Queue | Archer |
| 12:25 | Queue | Villager (Male) |
| 12:30 | Queue | Villager (Male) |
| 12:33 | Queue | Archer |
| 12:47 | Build | Watch Tower |
| 12:52 | Build | House |
| 12:56 | Queue | Villager (Male) |
| 13:09 | Build | Farm |
| 13:10 | Queue | Villager (Male) |
| 13:14 | Build | Palisade Wall |
| 13:25 | Build | Farm |
| 13:42 | Queue | Villager (Male) |
| 13:45 | Build | Farm |
| 13:59 | Queue | Spearman |
| 14:04 | Build | Farm |
| 14:05 | Queue | Villager (Male) |
| 14:18 | Build | Palisade Wall |
| 14:19 | Build | Palisade Wall |
| 14:19 | Build | Palisade Wall |
| 14:20 | Build | Palisade Wall |
| 14:20 | Build | Palisade Wall |
| 14:26 | Queue | Archer |
| 14:29 | Queue | Villager (Male) |
| 14:35 | Queue | Archer |
| 15:01 | Queue | Villager (Male) |
| 15:08 | Queue | Archer |
| 15:15 | Queue | Archer |
| 15:23 | Build | Farm |
| 15:24 | Build | Farm |
| 15:26 | Build | Farm |
| 15:31 | Queue | Villager (Male) |
| 15:44 | Research | Fletching |
| 15:58 | Build | Palisade Wall |
| 16:04 | Queue | Archer |
| 16:10 | Build | Watch Tower |
| 16:12 | Queue | Archer |
| 16:27 | Queue | Villager (Male) |
| 16:30 | Build | Palisade Wall |
| 16:30 | Build | Palisade Wall |
| 16:32 | Build | Palisade Wall |
| 16:33 | Build | Palisade Wall |
| 16:37 | Build | House |
| 16:38 | Build | House |
| 16:50 | Build | Palisade Wall |
| 16:56 | Queue | Villager (Male) |
| 16:56 | Queue | Archer |
| 17:14 | Build | House |
| 17:17 | Build | House |
| 17:55 | Build | House |
| 18:17 | Research | Castle Age |
| 18:21 | Build | Mining Camp |
| 18:26 | Build | Farm |
| 18:52 | Build | Palisade Wall |
| 18:54 | Queue | Archer |
| 18:54 | Queue | Archer |
| 19:53 | Build | Watch Tower |
| 20:09 | Build | Archery Range |
| 20:12 | Build | Lumber Camp |
| 20:12 | Queue | Villager (Male) |
| 20:38 | Build | Palisade Wall |
| 20:38 | Build | Palisade Wall |
| 20:39 | Build | Palisade Wall |
| 20:39 | Build | Palisade Wall |
| 20:39 | Build | Palisade Wall |
| 20:40 | Build | Palisade Wall |
| 20:40 | Build | Palisade Wall |
| 20:40 | Build | Palisade Wall |
| 20:40 | Build | Palisade Wall |
| 20:40 | Build | Palisade Wall |
| 20:41 | Build | Palisade Wall |
| 20:41 | Build | Palisade Wall |
| 20:43 | Age | Castle Age |
| 20:50 | Research | Crossbowman (upgrade) |
| 20:51 | Research | Bodkin Arrow |
| 20:56 | Queue | Archer |
Build order — rastko
First 150 of 641 actions detected
| 0:00 | Queue | Villager (Male) |
| 0:00 | Queue | Villager (Male) |
| 0:03 | Build | House |
| 0:05 | Build | House |
| 0:06 | Queue | Villager (Male) |
| 0:13 | Queue | Villager (Male) |
| 1:38 | Queue | Villager (Male) |
| 1:46 | Build | Lumber Camp |
| 1:55 | Queue | Villager (Male) |
| 2:17 | Queue | Villager (Male) |
| 2:38 | Queue | Villager (Male) |
| 3:15 | Queue | Villager (Male) |
| 3:37 | Queue | Villager (Male) |
| 3:48 | Build | House |
| 4:15 | Queue | Villager (Male) |
| 4:26 | Queue | Villager (Male) |
| 4:44 | Build | Barracks |
| 4:55 | Queue | Villager (Male) |
| 5:05 | Build | House |
| 5:10 | Queue | Villager (Male) |
| 5:25 | Queue | Militia |
| 5:26 | Queue | Militia |
| 5:27 | Queue | Militia |
| 5:59 | Queue | Villager (Male) |
| 6:04 | Build | Mill |
| 6:15 | Queue | Villager (Male) |
| 6:20 | Queue | Villager (Male) |
| 6:26 | Build | House |
| 6:27 | Build | House |
| 6:53 | Queue | Villager (Male) |
| 6:56 | Build | House |
| 6:57 | Build | Palisade Wall |
| 7:01 | Research | Loom |
| 7:40 | Build | House |
| 7:42 | Build | Palisade Wall |
| 8:05 | Queue | Villager (Male) |
| 8:26 | Queue | Villager (Male) |
| 8:28 | Build | Mining Camp |
| 8:54 | Research | Feudal Age |
| 9:00 | Build | House |
| 9:02 | Build | Palisade Wall |
| 9:21 | Build | Palisade Wall |
| 9:44 | Build | Palisade Wall |
| 10:18 | Build | Palisade Wall |
| 10:52 | Queue | Villager (Male) |
| 10:52 | Queue | Villager (Male) |
| 11:05 | Age | Feudal Age |
| 11:39 | Build | Mining Camp |
| 11:52 | Build | Market |
| 11:53 | Queue | Villager (Male) |
| 12:11 | Queue | Villager (Male) |
| 12:15 | Build | Blacksmith |
| 12:31 | Queue | Villager (Male) |
| 13:01 | Build | Farm |
| 13:04 | Build | Farm |
| 13:07 | Queue | Villager (Male) |
| 13:30 | Build | House |
| 13:30 | Build | House |
| 13:40 | Queue | Villager (Male) |
| 13:41 | Queue | Villager (Male) |
| 13:45 | Build | Farm |
| 14:43 | Build | Farm |
| 14:55 | Research | Castle Age |
| 15:01 | Build | House |
| 15:04 | Build | House |
| 15:34 | Research | Double-Bit Axe |
| 16:00 | Build | Lumber Camp |
| 17:00 | Build | Palisade Wall |
| 17:35 | Age | Castle Age |
| 17:56 | Build | Castle |
| 18:02 | Build | Castle |
| 18:47 | Queue | Conquistador |
| 20:04 | Queue | Conquistador |
| 21:26 | Queue | Conquistador |
| 21:26 | Queue | Villager (Male) |
| 21:50 | Build | Lumber Camp |
| 21:58 | Queue | Villager (Male) |
| 22:18 | Build | Monastery |
| 22:35 | Queue | Villager (Male) |
| 22:50 | Queue | Villager (Male) |
| 23:03 | Queue | Conquistador |
| 23:04 | Queue | Villager (Male) |
| 23:13 | Queue | Villager (Male) |
| 23:15 | Build | Farm |
| 23:35 | Build | Farm |
| 23:58 | Queue | Villager (Male) |
| 24:04 | Build | Siege Workshop |
| 24:18 | Build | Farm |
| 24:35 | Build | Farm |
| 24:36 | Build | Farm |
| 24:36 | Build | Farm |
| 24:38 | Build | Farm |
| 24:39 | Build | Farm |
| 24:45 | Queue | Villager (Male) |
| 24:53 | Queue | Monk |
| 25:11 | Queue | Villager (Male) |
| 25:19 | Build | Town Center |
| 25:27 | Queue | Villager (Male) |
| 25:52 | Queue | Mangonel |
| 26:00 | Queue | Villager (Male) |
| 26:12 | Build | Farm |
| 26:14 | Research | Horse Collar |
| 26:18 | Build | Palisade Wall |
| 26:23 | Queue | Villager (Male) |
| 26:47 | Queue | Mangonel |
| 26:49 | Queue | Villager (Male) |
| 26:55 | Build | Farm |
| 27:10 | Queue | Villager (Male) |
| 27:42 | Queue | Villager (Male) |
| 27:45 | Queue | Villager (Male) |
| 28:47 | Queue | Villager (Male) |
| 28:50 | Queue | Conquistador |
| 28:50 | Queue | Conquistador |
| 28:51 | Queue | Villager (Male) |
| 28:58 | Build | Mining Camp |
| 29:06 | Queue | Villager (Male) |
| 29:09 | Build | Farm |
| 29:10 | Build | Farm |
| 29:10 | Build | Farm |
| 29:10 | Build | Farm |
| 29:13 | Build | Farm |
| 29:14 | Build | Farm |
| 29:15 | Build | Farm |
| 29:24 | Queue | Villager (Male) |
| 29:30 | Queue | Mangonel |
| 29:35 | Build | Farm |
| 29:39 | Build | Farm |
| 29:48 | Build | Farm |
| 29:49 | Queue | Villager (Male) |
| 30:05 | Queue | Villager (Male) |
| 30:05 | Queue | Villager (Male) |
| 30:17 | Build | Farm |
| 30:25 | Queue | Villager (Male) |
| 30:27 | Queue | Conquistador |
| 30:41 | Queue | Conquistador |
| 30:49 | Build | Farm |
| 30:50 | Build | Farm |
| 30:50 | Build | Farm |
| 30:51 | Build | Farm |
| 30:51 | Build | Farm |
| 30:51 | Build | Farm |
| 31:22 | Queue | Villager (Male) |
| 31:36 | Queue | Villager (Male) |
| 31:38 | Queue | Villager (Male) |
| 31:38 | Queue | Villager (Male) |
| 31:39 | Queue | Conquistador |
| 31:39 | Queue | Conquistador |
| 31:52 | Queue | Villager (Male) |
| 31:56 | Queue | Conquistador |
| 31:58 | Queue | Villager (Male) |
Match timeline
| 4:44 | rastko · first_building Barracks |
| 6:13 | Monesi28 · first_building Barracks |
| 6:57 | rastko · wall_segment Palisade Wall x1 |
| 7:42 | rastko · wall_segment Palisade Wall x10 |
| 7:50 | Monesi28 · wall_segment Palisade Wall x1 |
| 7:52 | Monesi28 · wall_segment Palisade Wall x1 |
| 7:57 | Monesi28 · wall_segment Palisade Wall x1 |
| 7:58 | Monesi28 · wall_segment Palisade Wall x1 |
| 7:59 | Monesi28 · wall_segment Palisade Wall x1 |
| 8:01 | Monesi28 · wall_segment Palisade Wall x1 |
| 8:01 | Monesi28 · wall_segment Palisade Wall x1 |
| 8:02 | Monesi28 · wall_segment Palisade Wall x1 |
| 8:05 | Monesi28 · wall_segment Palisade Wall x1 |
| 8:06 | Monesi28 · wall_segment Palisade Wall x1 |
| 8:06 | Monesi28 · wall_segment Palisade Wall x1 |
| 8:51 | Monesi28 · age_up feudal |
| 8:55 | Monesi28 · first_building Archery Range |
| 9:02 | rastko · wall_segment Palisade Wall x7 |
| 9:21 | rastko · wall_segment Palisade Wall x3 |
| 9:44 | rastko · wall_segment Palisade Wall x15 |
| 10:09 | Monesi28 · wall_segment Palisade Wall x1 |
| 10:17 | Monesi28 · wall_segment Palisade Wall x1 |
| 10:18 | rastko · wall_segment Palisade Wall x8 |
| 10:31 | Monesi28 · wall_segment Palisade Wall x1 |
| 10:38 | Monesi28 · wall_segment Palisade Wall x1 |
| 11:05 | rastko · age_up feudal |
| 13:14 | Monesi28 · wall_segment Palisade Wall x1 |
| 13:34 | rastko · first_market_sell 100 stone |
| 14:10 | rastko · first_market_buy 100 food |
| 14:18 | Monesi28 · wall_segment Palisade Wall x1 |
| 14:19 | Monesi28 · wall_segment Palisade Wall x1 |
| 14:19 | Monesi28 · wall_segment Palisade Wall x1 |
| 14:20 | Monesi28 · wall_segment Palisade Wall x1 |
| 14:20 | Monesi28 · wall_segment Palisade Wall x1 |
| 15:58 | Monesi28 · wall_segment Palisade Wall x1 |
| 16:30 | Monesi28 · wall_segment Palisade Wall x1 |
| 16:30 | Monesi28 · wall_segment Palisade Wall x1 |
| 16:32 | Monesi28 · wall_segment Palisade Wall x1 |
| 16:33 | Monesi28 · wall_segment Palisade Wall x1 |
| 16:50 | Monesi28 · wall_segment Palisade Wall x1 |
| 17:00 | rastko · wall_segment Palisade Wall x1 |
| 17:35 | rastko · age_up castle |
| 17:56 | rastko · first_building Castle |
| 18:52 | Monesi28 · wall_segment Palisade Wall x11 |
| 20:38 | Monesi28 · wall_segment Palisade Wall x1 |
| 20:38 | Monesi28 · wall_segment Palisade Wall x1 |
| 20:39 | Monesi28 · wall_segment Palisade Wall x2 |
| 20:39 | Monesi28 · wall_segment Palisade Wall x1 |
| 20:39 | Monesi28 · wall_segment Palisade Wall x2 |
| 20:40 | Monesi28 · wall_segment Palisade Wall x1 |
| 20:40 | Monesi28 · wall_segment Palisade Wall x1 |
| 20:40 | Monesi28 · wall_segment Palisade Wall x2 |
| 20:40 | Monesi28 · wall_segment Palisade Wall x2 |
| 20:40 | Monesi28 · wall_segment Palisade Wall x1 |
| 20:41 | Monesi28 · wall_segment Palisade Wall x1 |
| 20:41 | Monesi28 · wall_segment Palisade Wall x1 |
| 20:43 | Monesi28 · age_up castle |
| 22:18 | rastko · first_building Monastery |
| 24:04 | rastko · first_building Siege Workshop |
| 24:11 | Monesi28 · wall_segment Palisade Wall x5 |
| 26:18 | rastko · wall_segment Palisade Wall x1 |
| 26:50 | Monesi28 · first_building Monastery |
| 29:03 | Monesi28 · first_market_buy 100 wood |
| 31:11 | Monesi28 · first_building Stable |
| 35:19 | Monesi28 · first_building Castle |
| 35:26 | rastko · first_building Stable |
| 37:02 | Monesi28 · first_building Siege Workshop |
| 42:15 | rastko · age_up imperial |
| 43:16 | rastko · wall_segment Palisade Wall x1 |
| 44:12 | Monesi28 · age_up imperial |
| 45:36 | Monesi28 · wall_segment Palisade Wall x1 |
| 48:49 | Monesi28 · first_market_sell 100 food |
| 55:43 | Monesi28 · wall_segment Palisade Wall x1 |
| 56:40 | Monesi28 · wall_segment Stone Wall x15 |
| 56:55 | Monesi28 · wall_segment Stone Wall x1 |
| 67:32 | Monesi28 · wall_segment Palisade Wall x10 |
| 68:45 | Monesi28 · resign |
[ AI ANALYSIS · 1 CREDIT ]
What really happened in this match?
Wolo.gg analyzes every decision: build order, eco, micro, common mistakes by bracket. Personalized analysis on WhatsApp or Discord in 30 seconds.
Civ guide
Persians
Perfil
Jugador #18939139